 Dungeon Crawl Stone Soup version 0.31-a0-232-gb1c03b2570 (webtiles) character file.

Game seed: 10997361558821160174

66 qw the Shooter (level 3, -2/29 HPs)
             Began as a Minotaur Hexslinger on July 7, 2023.
             Slain by a wraith (4 damage)
             ... in an ossuary.
             The game lasted 00:00:29 (832 turns).

qw the Shooter (Minotaur Hexslinger)                 Turns: 832, Time: 00:00:30

Health: -2/29      AC:  5    Str: 12    XL:     3   Next: 96%
Magic:  3/3        EV: 11    Int: 10    God:
Gold:   115        SH:  0    Dex: 14    Spells: 3/4 levels left

rFire   . . .        Y - +1 sling
rCold   . . .        (no shield)
rNeg    . . .        f - +0 ring mail
rPois   .            (helmet restricted)
rElec   .            (no cloak)
rCorr   .            (no gloves)
SInv    .            (no boots)
Will    .....        (no amulet)
Stlth   +            (no ring)
HPRegen 0.24/turn    (no ring)
MPRegen 0.08/turn

%: no passive effects
@: slowed, very slow
A: horns 2, retaliatory headbutt
a: no special abilities


You were in an ossuary.
You visited 1 branch of the dungeon, and saw 3 of its levels.
You also visited: Ossuary.

You collected 115 gold pieces.


Innate Abilities, Weirdness & Mutations

You have a pair of horns on your head.
You reflexively headbutt those who attack you in melee.


   Skills:
 - Level 2.1 Fighting
 + Level 4.0 Ranged Weapons
 - Level 1.7 Armour
 - Level 2.1 Dodging
 - Level 1.0 Spellcasting
 - Level 2.0 Hexes


You had 3 spell levels left.
You knew the following spells:

 Your Spells              Type           Power      Damage    Failure   Level
a - Slow                  Hex            16%        N/A       32%         1

Your spell library contained the following spells:

 Spells                   Type           Power      Damage    Failure   Level
 Inner Flame              Hex/Fire       2%         N/A       83%         3
 Portal Projectile        Hex/Tloc       4%         N/A       83%         3
 Cause Fear               Hex            2%         N/A       97%         4

Inventory:

Hand Weapons
 Y - a +1 sling (weapon)
Armour
 f - a +0 ring mail (worn)
Scrolls
 a - a scroll of identify
 b - a scroll of teleportation {unknown}
 c - a scroll of fog {unknown}
Potions
 d - a potion of brilliance {unknown}
 e - a potion of invisibility {unknown}

Dungeon Overview and Level Annotations

Branches:
Dungeon (4/15)            Ossuary (1/1)
 Temple: D:4-7

Altars:
Cheibriados

Shops:
D:2 :


Message History

The sling bullet hits the gnoll skeleton.
You destroy the gnoll skeleton!
A mummy comes into view.
You shoot a sling bullet. The sling bullet hits the mummy.
The mummy is moderately damaged.
You shoot a sling bullet. The sling bullet hits the mummy.
The mummy is moderately damaged.
You shoot a sling bullet. The sling bullet hits the mummy.
The mummy is heavily damaged.
You shoot a sling bullet. The sling bullet hits the mummy.
The mummy is severely damaged.
You shoot a sling bullet. The sling bullet hits the mummy.
You destroy the mummy!
Your Armour skill increases to level 1!
You open the door.
There is an open door here.
a - a scroll of identify
b - a scroll labelled ULOMNEV PECLOSHAR
c - a scroll labelled JONUPI TYADAU
There is an open door here.
You open the gate.
There is an open gate here.
You open the door.
There is an open door here.
Something unseen opens the door.
You sense a monster nearby.
You shoot a sling bullet.
The sling bullet hits the wraith but does no damage.
The wraith hits you.
You shoot a sling bullet.
The sling bullet hits the wraith but does no damage.
The wraith hits you! The wraith drains your vigour!
You feel yourself slow down.
You shoot a sling bullet. The sling bullet hits the wraith.
The wraith is lightly damaged.
The wraith misses you. The wraith hits you! The wraith drains your vigour!
You feel as though you will be slow longer.
You shoot a sling bullet.
The sling bullet closely misses the wraith.
The wraith hits you. x2
You die...

## .. ..##
..##### ..##
.##...##...## .
##..??.##...# ..
#.?.??..W...+
...##.!??.##@..#
#...##...##...##
#...#####...## .
#.........##...
..#####'#####....
.................
.................
######'''########
#...####


You could see a wraith.

Vanquished Creatures
  A mummy (Ossuary)
  An adder (D:2)
  4 worms
  A dart slug (D:1)
  An orc (D:4)
  A ball python (D:1)
  2 bats (D:1)
  2 endoplasms
  2 goblins (D:1)
  2 hobgoblins (D:1)
  3 jackals (D:4)
  2 quokkas
  A frilled lizard (D:1)
  2 gnoll skeletons (Ossuary)
  4 kobold skeletons (Ossuary)
  3 orc skeletons (Ossuary)
32 creatures vanquished.

Notes
Turn   | Place    | Note
-------+----------+-------------------------------------------
     0 | D:1      | qw the Minotaur Hexslinger began the quest for the Orb.
     0 | D:1      | Reached XP level 1. HP: 16/16 MP: 1/1
     0 | D:1      | 0 ||| qw: Version: 0.3-a-46-gb1f654a
     0 | D:1      | 0 ||| qw: Game counter: 2509
     0 | D:1      | 0 ||| qw: Melee chars always use a shield: true
     0 | D:1      | 0 ||| qw: God list: Okawaru
     0 | D:1      | 0 ||| qw: Allow faded altars: false
     0 | D:1      | 0 ||| qw: Do Orc after clearing Dungeon:15 true
     0 | D:1      | 0 ||| qw: Do second Lair branch before Depths: true
     0 | D:1      | 0 ||| qw: Lair rune preference: random
     0 | D:1      | 0 ||| qw: Goals: Normal
     0 | D:1      | 0 ||| PLANNING D:1-11
   126 | D:1      | Reached skill level 3 in Ranged Weapons
   126 | D:1      | Reached XP level 2. HP: 19/23 MP: 2/2
   377 | D:1      | 377 ||| READING 2 scrolls labelled UTUS YDGHEKKY.
   378 | D:1      | 378 ||| READING scroll labelled IZAUMA XORI.
   379 | D:1      | 379 ||| DROPPING scroll of noise.
   380 | D:1      | 380 ||| DROPPING scroll of poison.
   471 | D:2      | Found a snail-covered altar of Cheibriados.
   471 | D:2      | Found Xismaun's Book Shop.
   482 | D:2      | Reached XP level 3. HP: 29/29 MP: 3/3
   584 | D:2      | You fall into a shaft and drop 2 floors!
   585 | D:4      | 585 ||| PLANNING OSSUARY
   672 | D:4      | Reached skill level 4 in Ranged Weapons
   730 | D:4      | Found a sand-covered staircase.
   731 | D:4      | 731 ||| UPGRADING to +0 ring mail.
   741 | D:4      | 741 ||| DROPPING +0 robe.
   742 | D:4      | 742 ||| READING scroll labelled CULOSIUROE.
   743 | D:4      | 743 ||| READING scroll labelled QIEWIMM HUOH.
   744 | D:4      | 744 ||| READING scroll labelled ZYNEGH VOXTAL.
   751 | Ossuary  | Entered an ossuary
   751 | Ossuary  | Noticed a wraith
   751 | Ossuary  | Noticed a wraith
   751 | Ossuary  | Noticed a wraith
   795 | Ossuary  | Reached skill level 1 in Armour
   823 | Ossuary  | Noticed a wraith
   831 | Ossuary  | HP: 5/29 [wraith (8)]
   832 | Ossuary  | HP: 2/29 [wraith (3)]
   832 | Ossuary  | Slain by a wraith

Levels and vault maps discovered:
D:1:      eino_arrival_water_star, layout_rooms, minmay_pentomino_p2
D:2:      layout_rooms, basic_altar, serial_shops, shop, nicolae_wormholes
D:4:      layout_rooms, lightli_ossuary_entry_decrepit_ruins, minivault_11
Ossuary:  ossuary_due_mausoleum

Skill      XL: |  1  2  3 |
---------------+----------+-----
Ranged Weapons | 3 4 |  4.0
Fighting       | 2 |  2.1
Armour         | 1 |  1.7
Dodging        | |  2.1
Spellcasting   | |  1.0
Hexes          | |  2.0

Action                     || total
---------------------------++-------
   Fire: Sling             ||   133
    Use: Scroll            ||     5
 Armour: Ring mail         ||     9
         Robe              ||     3
  Dodge: Dodged            ||    36

Table legend:
 A = Non-vault XP
 B = Vault XP
 C = Vault XP percentage of total XP
 D = Non-vault monster count
 E = Vault monster count
 F = Vault count percentage of total count
                 A         B        C        D         E       F
            +---------+---------+-------+---------+---------+-------
      Total |      49 |      46 |  48.4 |      17 |      15 |  46.9
            +---------+---------+-------+---------+---------+-------
        D:1 |      18 |       4 |  18.2 |       9 |       2 |  18.2
        D:2 |      15 |      15 |  50.0 |       2 |       3 |  60.0
        D:4 |      16 |       0 |   0.0 |       6 |       0 |   0.0
    Ossuary |       0 |      27 | 100.0 |       0 |      10 | 100.0
            +---------+---------+-------+---------+---------+-------
